AoeStats
← 虎!虎!虎!

Nomad

510321867Analyzed
4v4 RM · 12h ago on Sep 30, 2026· 69m 45s· 8 players
Game mode
Random Map
Map size
231×231
Population
200
Speed
Normal
Resources
Standard
Victory
Conquest
Starting age
Dark Age
Ending age
Imperial Age
RankedLock teamsTeams togetherTeam positionsShared explorationLock speedFull tech treeHidden civsTurbo modeCheats
Victory
Defeat
🇹🇷 Saracens · Türkiye
1538
+14
🇺🇸 Saxons · United States
1532
+15
🇩🇪 Danes · Germany
1523
+15
🇫🇷 Vikings · France
1491
+16
🇨🇳 Mongols · China
1509
-15
🇨🇳 Inca · China
1508
-15
🇨🇳 Magyars · China
1507
-15
🇹🇼 Persians · Taiwan
1496
-15
虎!虎!虎!
14:30 Feudal Age
14:59 Double-Bit Axe
18:43 Castle Age
17:18 Gold Mining
17:31 Fletching
19:43 Bodkin Arrow
19:33 Horse Collar
25:09 Husbandry
25:29 Bloodlines
26:18 Padded Archer Armor
31:14 Wheelbarrow
30:25 Loom
42:58 Imperial Age
40:41 Heavy Plow
41:28 Gold Shaft Mining
42:34 Leather Archer Armor
42:47 Hand Cart
43:31 Ballistics
43:48 Thumb Ring
43:44 Bracer
45:17 Chemistry
45:42 Scale Barding Armor
46:21 Light Cavalry
47:02 Husbandry
47:57 Chain Barding Armor
47:45 Heavy Cavalry Archer
51:01 Conscription
50:57 Recurve Bow
54:56 Scale Mail Armor
55:26 Pikeman
57:42 Chain Mail Armor
63:49 Parthian Tactics
63:05 Halberdier
65:29 Bow Saw
苏东坡的粉丝
5:38 Loom
14:37 Feudal Age
21:34 Castle Age
20:48 Double-Bit Axe
20:46 Horse Collar
20:52 Fishing Lines
23:55 Town Watch
29:37 Horse Collar
33:31 Wheelbarrow
34:30 Fletching
36:58 Bodkin Arrow
39:17 Scale Mail Armor
47:11 Ballistics
50:50 Masonry
53:05 Guard Tower
69:28 Bow Saw
69:19 Heavy Plow
123456
4:44 Loom
13:25 Feudal Age
14:37 Double-Bit Axe
17:13 Castle Age
18:42 Bow Saw
21:56 Horse Collar
26:53 Fletching
27:04 Padded Archer Armor
28:28 Gold Mining
29:49 Wheelbarrow
30:24 Medium Warships
30:28 Town Watch
36:37 Imperial Age
36:50 Bodkin Arrow
37:29 Stone Mining
38:15 Gold Shaft Mining
37:54 Bracer
39:21 Chemistry
39:16 Parthian Tactics
39:52 Leather Archer Armor
40:49 Husbandry
41:00 Bloodlines
42:19 Forging
43:23 Elite Skirmisher
45:28 Scale Barding Armor
46:00 Iron Casting
54:51 Heavy Warships
55:29 Conscription
63:35 Caravan
67:15 Nomads
69:12 Blast Furnace
68:36 Elite Mangudai
yclin124
8:31 Loom
12:28 Feudal Age
16:20 Castle Age
14:10 Fishing Lines
15:18 Double-Bit Axe
27:13 Wheelbarrow
28:50 Husbandry
29:01 Bloodlines
30:00 Forging
30:05 Light Cavalry
37:39 Scale Barding Armor
39:06 Chain Barding Armor
43:08 Iron Casting
44:27 Town Watch
46:09 Bow Saw
45:46 Horse Collar
47:29 Fletching
48:36 Parthian Tactics
48:14 Bodkin Arrow
50:53 Padded Archer Armor
51:14 Ballistics
51:39 Thumb Ring
56:44 Imperial Age
57:18 Hand Cart
56:25 Cavalier
58:01 Plate Barding Armor
58:17 Scale Mail Armor
59:19 Blast Furnace
59:40 Chain Mail Armor
60:08 Conscription
59:23 Savar
60:07 Pikeman
60:47 Squires
60:41 Halberdier
62:54 Chemistry
62:05 Masonry
63:53 Coinage
65:26 Banking
66:32 Heavy Plow
66:23 Gold Mining
66:24 Stone Mining
67:47 Plate Mail Armor
Dwarf king
5:07 Loom
14:00 Feudal Age
14:57 Double-Bit Axe
15:34 Fishing Lines
21:36 Castle Age
21:24 Gold Mining
21:50 Forging
21:53 Fletching
22:37 Bow Saw
22:57 Medium Warships
25:41 Gillnets
26:11 Town Watch
26:46 Bodkin Arrow
28:15 Ballistics
28:36 Guard Tower
29:35 Treadmill Crane
30:56 Stone Mining
45:59 Masonry
46:06 Scale Mail Armor
45:55 Pikeman
48:18 Squires
49:34 Arson
51:15 Horse Collar
53:17 Wheelbarrow
54:04 Gold Shaft Mining
54:26 Hand Cart
57:57 Imperial Age
56:02 Chain Mail Armor
56:54 Iron Casting
56:23 Murder Holes
58:01 Elite Varangian Guard
58:52 Siege Engineers
58:50 Bracer
60:50 Keep
60:45 Conscription
62:14 Chemistry
62:09 Plate Mail Armor
61:30 Arrowslits
62:19 Architecture
61:57 Halberdier
64:07 Heavy Plow
68:02 Fortified Wall
67:55 Padded Archer Armor
68:40 Hoardings
Florenzi
4:58 Loom
13:07 Feudal Age
13:42 Double-Bit Axe
15:13 Gold Mining
18:29 Town Watch
21:43 Castle Age
22:18 Scale Mail Armor
22:28 Forging
22:42 Bow Saw
25:07 Fervor
26:09 Medium Warships
28:56 Fletching
31:06 Gold Shaft Mining
35:33 Imperial Age
33:47 Chain Mail Armor
35:36 Bodkin Arrow
36:16 Iron Casting
35:46 Chieftains
35:53 Chieftains
46:42 Hoardings
49:45 Conscription
60:12 Masonry
61:45 Horse Collar
63:12 Heavy Plow
65:21 Crop Rotation
70:09 Two-Man Saw
69:09 Stone Mining
imenek
5:12 Loom
13:48 Feudal Age
18:02 Castle Age
17:23 Stone Mining
20:04 Double-Bit Axe
29:26 Wheelbarrow
30:56 Masonry
32:19 Gold Mining
35:53 Imperial Age
34:25 Scale Barding Armor
36:16 Bloodlines
36:06 Husbandry
36:18 Forging
36:31 Chain Barding Armor
36:22 Forging
36:24 Elite Mameluke
38:42 Gold Shaft Mining
37:37 Capped Ram
46:39 Iron Casting
48:26 Plate Barding Armor
48:52 Blast Furnace
51:07 Counterweights
50:29 Light Cavalry
52:21 Conscription
52:59 Hand Cart
52:55 Bow Saw
52:25 Horse Collar
53:52 Hussar
54:24 Fletching
54:34 Padded Archer Armor
55:32 Coinage
54:58 Town Watch
55:18 Bodkin Arrow
61:37 Leather Archer Armor
61:44 Ballistics
65:49 Bracer
68:18 Ring Archer Armor
68:49 Chemistry
67:53 Crossbowman
68:38 Thumb Ring
68:39 Onager
69:01 Arbalester
69:39 Elite Skirmisher
Bizzy
12:25 Feudal Age
16:06 Castle Age
17:06 Double-Bit Axe
17:21 Gold Mining
17:35 Caravan
18:18 Gold Mining
26:53 Wheelbarrow
26:07 Loom
27:00 Wheelbarrow
30:54 Bow Saw
48:52 Horse Collar
50:50 Heavy Plow
51:45 Wheelbarrow
53:29 Hand Cart
54:16 Town Watch
54:54 Stone Mining
55:39 Gold Shaft Mining
57:50 Fletching
60:34 Imperial Age
59:43 Murder Holes
60:33 Ballistics
60:29 Scale Mail Armor
60:57 Forging
61:29 Chain Mail Armor
61:42 Conscription
63:06 Iron Casting
62:39 Bodkin Arrow
62:44 Padded Archer Armor
63:45 Chemistry
62:58 Masonry
63:11 Capped Ram
64:27 Plate Mail Armor
64:35 Elite Skirmisher
65:16 Bracer
66:26 Leather Archer Armor
67:25 Blast Furnace
66:32 Siege Engineers
68:39 Town Patrol
69:13 Ring Archer Armor
68:50 Caravan
69:20 Coinage
Connection lost

Rejoining the realm…

Still unreachable

The connection could not be restored.

Session expired

The server has moved on; the page needs a fresh start.